 Dungeon Crawl Stone Soup version 0.18-a0-1575-g920359c (webtiles) character file.

3410 HandofTrog the Grappler (level 9, -6/89 HPs)
             Began as a Troll Hunter on Mar 15, 2016.
             Mangled by a vampire (11 damage)
             ... on level 7 of the Dungeon on Mar 16, 2016.
             The game lasted 00:35:37 (7429 turns).

HandofTrog the Grappler (Troll Hunter)              Turns: 7429, Time: 00:35:37

Health: -6/89      AC:  6    Str: 22    XL:     9   Next: 75%
Magic:  0/8        EV: 17    Int:  7    God:
Gold:   383        SH:  0    Dex: 18    Spells: 0 memorised, 8 levels left

rFire  . . .     SeeInvis .       - Unarmed
rCold  . . .     Gourm    +     b - +0 robe
rNeg   . . .     Faith    .     (no shield)
rPois  .         Spirit   +     t - +1 hat
rElec  .         Dismiss  .     (no cloak)
rCorr  .         Reflect  .     (gloves unavailable)
SustAt .         Harm     .     (boots unavailable)
MR     .....                    A - amulet of guardian spirit
Stlth  +++.......               y - ring of wizardry
                                (no ring)

@: agile, not resistant to hostile enchantments, fairly stealthy
A: unfitting armour, claws 3, fast metabolism 3, gourmand, regeneration 2,
shaggy fur 1, tough skin 2
a: no special abilities


You were on level 7 of the Dungeon.
You were not hungry.

You visited 1 branch of the dungeon, and saw 7 of its levels.
You also visited: Ossuary.

You collected 383 gold pieces.

Inventory:

Hand Weapons
 e - the +7 whip of Action {flame, Dex+3}
   (You found it on level 5 of the Dungeon)

   It has been specially enchanted to burn those struck by it, causing extra
   injury to most foes and up to half again as much damage against particularly
   susceptible opponents.
   It affects your dexterity (+3).
 v - a +0 hunting sling
 I - a +1 shortbow of flaming
Missiles
 c - 9 large rocks (quivered)
 d - 3 throwing nets
 o - 326 stones
 p - 9 tomahawks
 s - 5 javelins
Armour
 b - a +0 robe (worn)
 t - a +1 hat (worn)
Jewellery
 y - a ring of wizardry (right claw)
 A - an amulet of guardian spirit (around neck)
Wands
 E - a wand of slowing (30/48)
Scrolls
 a - 6 scrolls of teleportation
 i - a scroll of remove curse
 j - a scroll of magic mapping
 k - 2 scrolls of enchant armour
 m - a scroll of amnesia
 n - 2 scrolls of enchant weapon {unknown}
 q - 2 scrolls of recharging {unknown}
 r - a scroll of random uselessness {unknown}
 z - 3 scrolls of immolation {unknown}
 B - 3 scrolls of noise
 F - a scroll of vulnerability {unknown}
 M - a scroll of fog
Potions
 h - 3 potions of curing
 l - 4 potions of haste
 w - a potion of might
 x - a potion of resistance
 C - a potion of berserk rage
 H - a potion of cure mutation
 N - a potion of ambrosia
 O - a potion of mutation {unknown}
 P - a potion of lignification {unknown}
Books
 G - a book of Death

   Spells                             Type                      Level
   a - Corpse Rot                     Necromancy                   2
   b - Sublimation of Blood           Necromancy                   2
   c - Agony                          Necromancy                   5
   d - Dispel Undead                  Necromancy                   5
   e - Excruciating Wounds            Charms/Necromancy            5
   f - Bolt of Draining               Conjuration/Necromancy       5
Comestibles
 f - 4 bread rations
 g - a beef jerky
 u - a slice of pizza
 D - 2 meat rations
 J - a fruit


   Skills:
 * Level 6.2 Fighting
 + Level 3.6 Maces & Flails
 - Level 3.6 Throwing
 + Level 4.0 Dodging
 - Level 0.4 Stealth
 - Level 10.0 Unarmed Combat


You had 8 spell levels left.
You didn't know any spells.

Dungeon Overview and Level Annotations

Branches:
Dungeon (7/15)             Temple (0/1) D:7

Altars:
Fedhas
Trog
Zin

Shops:
D:5 [   D:7 (


Innate Abilities, Weirdness & Mutations

You are too large for most types of armour.
You have claws for hands.
Your metabolism is lightning-fast.
You like to eat raw meat.
You heal very quickly.
You are covered in fur (AC +1).
You have very tough skin (AC +2).


Message History

Something hits you.
* * * LOW HITPOINT WARNING * * *
Something bites you.
* * * LOW HITPOINT WARNING * * *
Something draws strength from your injuries!
You claw something! Something hits you.
* * * LOW HITPOINT WARNING * * *
Something closely misses you.
You closely miss something. You claw something.
Drink which item? (? for menu, Esc to quit)
You feel much better. Something hits you. Something closely misses you.
You closely miss something.
Unholy energy fills the air.
* * * LOW HITPOINT WARNING * * *
You miss something. You claw something. Something hits you!
* * * LOW HITPOINT WARNING * * *
Something closely misses you.
You miss something. Something hits you!
* * * LOW HITPOINT WARNING * * *
Something bites you!
You die...

### ########********
#####.#######>......,,,,,,,,
#................#**********
#.##..#.###@.....+,,,,,,,,,,
#.....#.###{.....###**,*****
###...#...'........###.#
#...#####............#
#.<.#######..#....####****
#......###...#.####,,,,,,,
#......'.....#.# **,*****
#.##...###...#.# *,*****
#.##...#....##[# *.#,,,,


There were no monsters in sight!

Vanquished Creatures
  The ghost of PeterLawrence the Basher, a novice MiFi (D:6)
  Eustachio (D:5)
  Menkaure (D:5)
  Edmund (D:4)
  A phantom (D:3)
  The ghost of George the Chopper, an amateur MiGl (D:3)
  An ogre (D:4)
  3 centaurs
  An elf zombie (Ossuary)
  8 big kobolds (D:3)
  Blork the orc (D:5)
  A scorpion (D:4)
  3 wights (D:7)
  A howler monkey (D:5)
  2 crimson imps
  A centaur zombie (Ossuary)
  A giant frog zombie (D:6)
  2 quasits (D:6)
  2 hounds
  A giant frog skeleton (D:4)
  An orc priest (D:7)
  2 iguanas (D:5)
  A centaur skeleton (D:6)
  2 worker ants
  3 orc wizards
  4 ogre zombies (Ossuary)
  7 mummies (Ossuary)
  Robin (D:3)
  2 worker ant zombies
  17 gnolls
  6 adders
  2 shadow imps (D:5)
  3 oozes
  6 adder zombies
  A worm zombie (D:7)
  8 worms
  3 dart slugs
  10 giant geckos
  10 orcs
  5 giant cockroaches
  18 goblins
  12 hobgoblins
  7 jackals
  3 quokkas
  3 ball pythons
  6 bats
  A giant gecko skeleton (D:4)
  A giant newt (D:3)
  2 gnoll zombies
  5 goblin zombies (Ossuary)
  5 hobgoblin zombies (Ossuary)
  42 kobolds
  3 kobold zombies (Ossuary)
  5 quokka zombies
  12 rats
  4 rat zombies (Ossuary)
257 creatures vanquished.

Notes
Turn   | Place    | Note
--------------------------------------------------------------
     0 | D:1      | HandofTrog the Troll Hunter began the quest for the Orb.
     0 | D:1      | Reached XP level 1. HP: 19/19 MP: 0/0
   104 | D:1      | Reached skill level 1 in Unarmed Combat
   107 | D:1      | Upgraded the game from 0.18-a0-1572-g0a86841 to 0.18-a0-1575-g920359c
   113 | D:1      | Reached XP level 2. HP: 24/27 MP: 1/1
   276 | D:1      | Reached skill level 2 in Unarmed Combat
   550 | D:1      | Reached XP level 3. HP: 24/33 MP: 2/2
  1017 | D:2      | Reached skill level 3 in Unarmed Combat
  1512 | D:2      | Reached XP level 4. HP: 37/41 MP: 3/3
  1909 | D:3      | Noticed Robin
  1915 | D:3      | Killed Robin
  1915 | D:3      | Reached skill level 4 in Unarmed Combat
  2092 | D:3      | Reached XP level 5. HP: 21/48 MP: 4/4
  2101 | D:3      | Reached skill level 5 in Unarmed Combat
  2323 | D:3      | Noticed a phantom
  2346 | D:3      | Killed a phantom
  2346 | D:3      | Reached XP level 6. HP: 20/55 MP: 5/5
  2466 | D:3      | Reached skill level 6 in Unarmed Combat
  2740 | D:3      | Found a glowing silver altar of Zin.
  2882 | D:3      | Noticed George's ghost (amateur MiGl)
  2898 | D:3      | Killed George's ghost
  2915 | D:3      | Reached skill level 7 in Unarmed Combat
  2915 | D:3      | Reached XP level 7. HP: 28/62 MP: 6/6
  3130 | D:3      | Reached skill level 8 in Unarmed Combat
  3463 | D:3      | Reached skill level 9 in Unarmed Combat
  3531 | D:3      | Reached XP level 8. HP: 70/70 MP: 7/7
  4052 | D:4      | Noticed Edmund
  4068 | D:4      | Killed Edmund
  4483 | D:5      | Entered Level 5 of the Dungeon
  4613 | D:5      | Reached skill level 10 in Unarmed Combat
  4749 | D:5      | Noticed Blork the orc
  4761 | D:5      | Killed Blork the orc
  4837 | D:5      | Got a smoking whip
  4838 | D:5      | Identified the +7 whip of Action {flame, Dex+3} (You found it on level 5 of the Dungeon)
  4896 | D:5      | Noticed Menkaure
  4912 | D:5      | Killed Menkaure
  5194 | D:5      | Noticed Eustachio
  5199 | D:5      | Found Onolul's Armour Boutique.
  5212 | D:5      | Killed Eustachio
  5212 | D:5      | Reached skill level 1 in Maces & Flails
  5746 | D:6      | Reached XP level 9. HP: 82/84 MP: 8/8
  5828 | D:6      | Noticed PeterLawrence's ghost (novice MiFi)
  5897 | D:6      | Noticed a moth of wrath
  5900 | D:6      | Found a bloodstained altar of Trog.
  6124 | D:6      | Found a blossoming altar of Fedhas.
  6483 | D:6      | Killed PeterLawrence's ghost
  6483 | D:6      | Reached skill level 5 in Fighting
  6685 | D:7      | Found Xarahet's Weapon Emporium.
  6834 | D:7      | Found a sand-covered staircase.
  6895 | Ossuary  | Entered an ossuary
  7429 | D:7      | Mangled by a vampire

Vault maps used:
D:1:      shiori_arrival_elements
D:3:      minmay_goblin_kobold_castle, lemuel_coloured_pillars_altar,
          first_bread, uniq_robin
D:4:      uniq_edmund
D:5:      serial_shops, shop, uniq_menkaure, uniq_eustachio, uniq_blork_the_orc
D:6:      fedhas_bush_and_centaur_altar, tgw_trog
D:7:      temple_hall, enter_ossuary_3, serial_shops, shop,
          nicolae_shop_waterfront
Ossuary:  ossuary_boxes_badplayer

Skill      XL: |  1  2  3  4  5  6  7  8  9 |
---------------+----------------------------+-----
Unarmed Combat | 1 2 3 4 5 7 9 10 | 10.0
Fighting       | 4 6 |  6.2
Dodging        | 2 4 |  4.0
Maces & Flails | 1 3 |  3.6
Throwing       | |  3.6
Stealth        | |  0.4

Action                   |  1- 3 |  4- 6 |  7- 9 || total
-------------------------+-------+-------+-------++-------
Melee: Short sword       |    12 |       |       ||    12
       Unarmed           |   104 |   180 |   483 ||   767
       Whip              |       |       |    15 ||    15
  Use: Potion            |       |     1 |     7 ||     8
       Scroll            |       |     2 |    16 ||    18
 Stab: Sleeping          |     1 |       |     8 ||     9
       Distracted        |       |       |     1 ||     1
  Eat: Chunk             |    19 |    12 |    29 ||    60
       Bread ration      |       |       |     2 ||     2
